Match 27354024
Unlisted

Match 27354024
End
Construct Section Command Post
Infantry Section
ML 3-inch Mortar Team
Infantry Section
Infantry Section
Selects Indian Artillery Battlegroup
Construct Platoon Command Post
Humber Armored Car
CMP 15cwt Truck
Selects Valour
Selects Gurkha Rifles Section
Gurkha Rifles Section
Construct Company Command Post
Selects Volunteer Infantry
ML 3-inch Mortar Team
Matilda II Heavy Tank
Vickers Machine Gun Team
Matilda II Heavy Tank
Selects Towed ML 4.2-inch Heavy Mortar
Armored Vehicle Training
Selects Off-map Airburst Barrage
Off-map Airburst Barrage
Selects Perimeter Monitor
Matilda II Heavy Tank
Off-map Airburst Barrage
CMP 15cwt Truck
Gurkha Rifles Section
Matilda II Heavy Tank
CMP 15cwt Truck
Off-map Airburst Barrage
Matilda II Heavy Tank
Off-map Airburst Barrage
Perimeter Monitor
TidaL
DogChick
Howard
Guderian26
SnowLeopard279
只想养群猪
0
0

Comments sign in to comment!

No comments posted yet!